 Dungeon Crawl Stone Soup version 0.28-a0-895-g6e5f11bd55 (webtiles) character file.

Game seed: 4356826136101599103

2054 CowFu the Transmogrifier (level 9, -4/85 HPs)
             Began as a Black Draconian Transmuter on Nov 23, 2021.
             Was a Follower of Ru.
             Slain by Menkaure (19 damage)
             ... on level 7 of the Dungeon.
             The game lasted 00:12:14 (7173 turns).

CowFu the Transmogrifier (DrTm)                     Turns: 7173, Time: 00:12:14

Health: -4/85      AC:  7    Str: 12    XL:     9   Next: 5%
Magic:  9/12       EV: 14    Int: 21    God:    Ru [*.....]
Gold:   243        SH:  5    Dex: 14    Spells: 5/12 levels left

rFire   x . .      SeeInvis .     - Unarmed
rCold   + + +      Faith    .   (shield currently unavailable)
rNeg    . . .      Spirit   .   (armour unavailable)
rPois   +          Reflect  +   (helmet currently unavailable)
rElec   .          Harm     .   (cloak currently unavailable)
rCorr   .          Rampage  .   (gloves currently unavailable)
Will    .....                   (boots currently unavailable)
Stlth   +.........              y - amulet of reflection
HPRegen 0.24/turn               B - +6 ring of intelligence
MPRegen 0.13/turn               s - +4 ring of evasion

@: ice-form, mesmerised, unable to read
A: freezing attack, amphibious, boosted hp, (breathe lightning), AC +7, large,
unfitting armour, (electricity resistance), (cold-blooded), inability to read
while threatened
a: End Transformation, Renounce Religion


You were on level 7 of the Dungeon.
You worshipped Ru.
Ru was aware of your devotion.
You were a creature of crystalline ice.
You visited 1 branch of the dungeon, and saw 7 of its levels.

You collected 643 gold pieces.
You spent 400 gold pieces at shops.

Inventory:

Armour
 h - a +0 buckler
 i - a +0 kite shield
Jewellery
 l - a ring of see invisible
 p - a ring of protection from cold
 s - a +4 ring of evasion (right front paw)
 y - an amulet of reflection (around neck)
 B - a +6 ring of intelligence (left front paw)
Wands
 o - a wand of polymorph (7)
 A - a wand of digging (8)
Scrolls
 b - 2 scrolls of enchant weapon
 f - a scroll of vulnerability
 j - a scroll of immolation {unknown}
 k - 4 scrolls of identify {unknown}
 n - a scroll of enchant armour {unknown}
 r - a scroll of summoning {unknown}
 t - 2 scrolls of blinking
 u - 6 scrolls of teleportation
 w - a scroll of silence {unknown}
 x - 2 scrolls of fear
 z - a scroll of magic mapping {unknown}
 C - a scroll of amnesia {unknown}
Potions
 a - a potion of lignification {unknown}
 c - 3 potions of might {unknown}
 d - 2 potions of resistance {unknown}
 e - a potion of attraction {unknown}
 g - 4 potions of curing {unknown}
 m - a potion of ambrosia {unknown}
 q - 2 potions of invisibility {unknown}
 v - 2 potions of haste {unknown}


   Skills:
 - Level 4.0 Fighting
 - Level 1.7 Dodging
 - Level 6.0 Unarmed Combat
 - Level 2.0 Spellcasting
 + Level 10.3 Transmutations


You had 5 spell levels left.
You knew the following spells:

 Your Spells              Type           Power      Damage    Failure   Level
a - Beastly Appendage     Tmut           90%        N/A       1%          1
b - Wereblood             Tmut           45%        N/A       1%          2
c - Ice Form              Ice/Tmut       23%        N/A       19%         4

Your spell library contained the following spells:

 Spells                   Type           Power      Damage    Failure   Level
 Spider Form              Tmut/Pois      23%        N/A       5%          3
 Slow                     Hex            8%         N/A       14%         1
 Petrify                  Tmut/Erth      23%        N/A       19%         4
 Ensorcelled Hibernation  Hex/Ice        4%         N/A       22%         2
 Confusing Touch          Hex            2%         N/A       41%         3
 Tukima's Dance           Hex            2%         N/A       41%         3
 Vampiric Draining        Necr           2%         2d6       41%         3
 Yara's Violent Unravell  Hex/Tmut       11%        3d6       45%         5
 Metabolic Englaciation   Hex/Ice        1%         N/A       99%         5
 Statue Form              Tmut/Erth      15%        N/A       95%         6


Dungeon Overview and Level Annotations

Branches:
Dungeon (7/15)             Temple (0/1) D:6

Altars:
Cheibriados
Dithmenos
Gozag
Hepliaklqana
Ru
Trog
Uskayaw
Vehumet
Wu Jian
Xom

Shops:
D:1 *   D:2 *   D:5 ?

Annotations:
D:7 Maggie, Menkaure


Innate Abilities, Weirdness & Mutations

You are a creature of crystalline ice.
You have a powerful freezing melee attack.
You are amphibious.
Your maximum health is increased.
Your armour is entirely melded.
You are incapable of wielding weapons or throwing items.
((You can breathe wild blasts of lightning.))
((Your glossy black scales are hard. (AC +7)))
You cannot fit into any form of body armour.
((You are resistant to electric shocks. (rElec)))
((You are cold-blooded and may be slowed by cold attacks.))
You sometimes lose the ability to read scrolls when taking damage.


Message History

You feel threatened and lose the ability to read scrolls!
* * * LOW HITPOINT WARNING * * *
Menkaure calls on the powers of darkness!
The howler monkey convulses!
The howler monkey howls!
The howler monkey convulses!
Your body is wracked with pain!
* * * LOW HITPOINT WARNING * * *
The howler monkey hoots and howls with incredible vigour!
You hear a shout!
Things that are here:
a +2 whip of electrocution; a +0 robe; the kobold corpse of Pikel The howler monkey closely misses you.
You barely miss the howler monkey.
The howler monkey is heavily wounded.
You punch the howler monkey! You freeze the howler monkey.
You kill the howler monkey!
There is an open door here.
You close the door.
Maggie the Vainglorious comes into view.
She is wielding a +2 morningstar of flaming.
Maggie shouts!
Maggie moves out of view.
There is an open door here.
Maggie casts a spell.
Maggie attempts to bespell you! You resist with some effort.
You see here a +0 kite shield.
i - a +0 kite shield You can read scrolls again.
Maggie gestures wildly while chanting.
Maggie attempts to bespell you! You resist with almost no effort.
You see here a +0 ring mail.
Which direction?
You close the door.
A scorpion comes into view.
There is an open door here.
Maggie mumbles some strange words.
Maggie attempts to bespell you!
You are mesmerised by Maggie!
Menkaure hits you!!
You feel threatened and lose the ability to read scrolls!
You die...

.h.....+...........>#
..M....###..#.....#.#
.........#..#.#####.#
.......#)##.#.......#
.......#.#..........#
....####.'..........#
### ###..........#
#.M####....#
#.Y#..#....#
+..'[.#....#
##+#.@#+##....#
..#s............#
#.....(..@......#
..##+#..#'##....#
+..'.)###### #.'#.)#
#####..####.#


You could see Maggie (mesmerising) and Menkaure.

Vanquished Creatures
  Pikel (D:7)
  Grinder (D:5)
  2 water moccasins
  An ice beast (D:6)
  An ogre (D:4)
  A phantom (D:6)
  Blork the orc (D:6)
  4 scorpions
  A water moccasin skeleton (D:5)
  A howler monkey (D:7)
  A centaur zombie (D:5)
  A jelly (D:5)
  A hound (D:6)
  A gnoll shaman (D:6)
  A bullfrog skeleton (D:6)
  2 centaur skeletons
  A scorpion zombie (D:5)
  2 orc wizards
  A mummy (D:6)
  A howler monkey zombie (D:4)
  Robin (D:2)
  8 gnolls
  A howler monkey skeleton (D:5)
  9 adders
  2 worms
  4 dart slugs
  5 orcs
  3 ball pythons (D:2)
  3 endoplasms
  3 giant cockroaches
  13 goblins
  A hobgoblin (D:1)
  2 quokkas
  2 bats
  6 frilled lizards
  A hobgoblin zombie (D:6)
  3 kobolds
  2 kobold zombies (D:6)
  An orc zombie (D:6)
96 creatures vanquished.

Vanquished Creatures (others)
  A wizard (D:3)
  A hound (D:4)
2 creatures vanquished.

Grand Total: 98 creatures vanquished

Notes
Turn   | Place    | Note
-------+----------+-------------------------------------------
     0 | D:1      | CowFu the Draconian Transmuter began the quest for the Orb.
     0 | D:1      | Reached XP level 1. HP: 16/16 MP: 3/3
   313 | D:1      | Found a faded altar of an unknown god.
   578 | D:1      | Prayed at the altar of an unknown god.
   578 | D:1      | Became a worshipper of Ru the Awakened
   595 | D:1      | Gained mutation: You sometimes lose the ability to read
                  | scrolls when taking damage. [Ru sacrifice]
   595 | D:1      | Reached * piety under Ru
   692 | D:1      | Reached XP level 2. HP: 24/24 MP: 3/5
   907 | D:1      | Found Fifest's General Store.
  1382 | D:2      | Noticed Robin
  1433 | D:2      | Reached XP level 3. HP: 8/30 MP: 6/6
  1714 | D:1      | Learned a level 2 spell: Wereblood
  1904 | D:2      | Killed Robin
  2024 | D:2      | Found Evazyg's Assorted Antiques.
  2030 | D:2      | Bought a tubular golden ring for 90 gold pieces
  2601 | D:3      | Reached XP level 4. HP: 8/38 MP: 5/7
  2937 | D:3      | Found a bloodstained altar of Trog.
  2938 | D:3      | Noticed a wizard
  2943 | D:3      | Killed a wizard
  3621 | D:4      | Reached XP level 5. HP: 38/46 MP: 6/8
  3873 | D:4      | Reached skill level 5 in Unarmed Combat
  3903 | D:4      | Noticed an ogre
  3913 | D:4      | Killed an ogre
  3914 | D:4      | Reached XP level 6. HP: 36/52 MP: 3/9
  4170 | D:4      | Learned a level 4 spell: Ice Form
  4363 | D:4      | Found a hazy altar of Hepliaklqana.
  4430 | D:4      | Found an opulent altar of Gozag.
  4433 | D:4      | Found a snail-covered altar of Cheibriados.
  4436 | D:4      | Found a radiant altar of Vehumet.
  4444 | D:4      | Reached skill level 3 in Transmutations
  4606 | D:5      | Entered Level 5 of the Dungeon
  4803 | D:5      | Reached skill level 4 in Transmutations
  4886 | D:5      | Noticed a water moccasin
  4897 | D:5      | Killed a water moccasin
  4898 | D:5      | Your scales start taking on a glossy black colour.
  4898 | D:5      | Reached XP level 7. HP: 47/59 MP: 10/10
  4898 | D:5      | Gained mutation: You are resistant to electric shocks.
                  | (rElec) [Black Draconian growth]
  5040 | D:5      | Reached skill level 5 in Transmutations
  5117 | D:5      | Found a hide-covered altar of Uskayaw.
  5130 | D:5      | Noticed Grinder
  5142 | D:5      | Killed Grinder
  5143 | D:5      | Reached skill level 6 in Transmutations
  5405 | D:5      | Found Isoozumy's Magic Scroll Emporium.
  5413 | D:5      | Bought a scroll of teleportation for 39 gold pieces
  5413 | D:5      | Bought a scroll of fear for 45 gold pieces
  5413 | D:5      | Bought a scroll of teleportation for 39 gold pieces
  5413 | D:5      | Bought a scroll of blinking for 97 gold pieces
  5512 | D:2      | Bought a dented copper amulet for 90 gold pieces
  5911 | D:6      | Found a shimmering altar of Xom.
  5960 | D:6      | Reached skill level 7 in Transmutations
  5960 | D:6      | Reached XP level 8. HP: 21/66 MP: 9/11
  6353 | D:6      | Reached skill level 8 in Transmutations
  6354 | D:6      | Found a shadowy altar of Dithmenos.
  6400 | D:6      | Noticed Blork the orc
  6417 | D:6      | Killed Blork the orc
  6643 | D:6      | Found a staircase to the Ecumenical Temple.
  6736 | D:6      | Found an ornate altar of the Wu Jian Council.
  6856 | D:6      | Reached skill level 9 in Transmutations
  6908 | D:6      | Identified a scroll of acquirement
  6908 | D:6      | Acquired a book of Sloth
  7120 | D:7      | Noticed Pikel
  7150 | D:7      | Killed Pikel
  7151 | D:7      | Reached skill level 10 in Transmutations
  7151 | D:7      | Reached XP level 9. HP: 32/71 MP: 6/12
  7156 | D:7      | Noticed Menkaure
  7166 | D:7      | Noticed Maggie
  7173 | D:7      | Slain by Menkaure

Illustrated notes

Levels and vault maps discovered:
D:1:      dpeg_arrival_pits, layout_loops_corners,
          hellmonk_ecumenical_altar_lost_god, serial_shops,
          nicolae_shop_hallway_stairs
D:2:      layout_rooms, serial_shops, nicolae_shop_crystal, uniq_robin
D:3:      layout_rooms, trog_wizard
D:4:      layout_loops_cross, worldfamousw_hep_ancestral_shrine,
          grunt_temple_overflow_open
D:5:      layout_basic, mainiacjoe_overflow_tiny_flanked, serial_shops,
          kennysheep_little_box, uniq_grinder
D:6:      layout_rooms, overflow_temple_1_default, amcnicky_altar_gilded,
          lemuel_tele_altar, minmay_temple_entry_ruins, minmay_mini_ossuary,
          uniq_blork_the_orc
D:7:      layout_basic, mainiacjoe_overflow_surrounded_room, minivault_10,
          uniq_maggie, uniq_pikel, uniq_menkaure

Skill      XL: |  1  2  3  4  5  6  7  8 |
---------------+-------------------------+-----
Fighting       | 2 3 4 |  4.0
Unarmed Combat | 4 5 6 |  6.0
Transmutations | 4 7 10 | 10.3
Dodging        | |  1.7
Spellcasting   | |  2.0

Action                   |  1- 3 |  4- 6 |  7- 9 || total
-------------------------+-------+-------+-------++-------
Melee: Unarmed           |   125 |   132 |   161 ||   418
       Kick              |    14 |    25 |    44 ||    83
       Headbutt          |    12 |    15 |    28 ||    55
       Tailslap          |     4 |    14 |    18 ||    36
       Punch             |     1 |     3 |     5 ||     9
 Cast: Beastly Appendage |    33 |    23 |    18 ||    74
       Wereblood         |     1 |     5 |     3 ||     9
       Ice Form          |       |       |     1 ||     1
Invok: Sacrifice Words   |     1 |       |       ||     1
       Reject Sacrifices |       |     1 |       ||     1
 Abil: Breathe Lightning |       |       |     4 ||     4
  Use: Potion            |       |       |     3 ||     3
       Scroll            |       |       |     5 ||     5
Armor: Skin              |    42 |    40 |    24 ||   106
Dodge: Dodged            |    63 |    87 |    97 ||   247
Block: Other             |       |       |    23 ||    23

Table legend: (Time is in decaauts)
 A = Elapsed time spent in this place.
 B = Non-inter-level travel time spent in this place.
 C = Inter-level travel time spent in this place.
 D = Time resting spent in this place.
 E = Time spent auto-exploring this place.
 F = Levels seen in this place.
 G = Mean time per level.
                   A        B        C        D        E       F      G
               +--------+--------+--------+--------+--------+-----+--------+
         Total |   7135 |   6766 |    369 |      0 |   5598 |   7 | 1019.3 |
       Dungeon |   7135 |   6766 |    369 |      0 |   5598 |   7 | 1019.3 |
               +--------+--------+--------+--------+--------+-----+--------+

Top non-repeatable levels by time:
     D:1: 1637 daAuts
     D:4: 1236 daAuts
     D:5: 1147 daAuts
     D:6: 1113 daAuts
     D:2: 990 daAuts
     D:3: 879 daAuts
     D:7: 130 daAuts
